 Dungeon Crawl Stone Soup version 0.26-a0-663-g36e8fdb655 (webtiles) character file.

Game seed: 18405104885120432394

86 Descartes the Sneak (level 4, -8/19 HPs)
             Began as a Felid Wanderer on Oct 11, 2020.
             Mangled by Natasha (10 damage)
             ... on level 2 of the Dungeon.
             The game lasted 00:05:18 (4406 turns).

Descartes the Sneak (Felid Wanderer)                Turns: 4406, Time: 00:05:19

Health: -8/19      AC:  1    Str:  7    XL:     4   Next: 26%
Magic:  6/6        EV: 15    Int: 12    God:
Gold:   163        SH:  0    Dex: 18    Spells: 2/5 levels left
                                        Lives:  0   Deaths: 1

rFire    . . .     SeeInvis +     - Unarmed
rCold    . . .     Faith    .   (shield unavailable)
rNeg     . . .     Spirit   .   (armour unavailable)
rPois    .         Reflect  .   (helmet unavailable)
rElec    .         Harm     .   (cloak unavailable)
rCorr    .         Rampage  .   (gloves unavailable)
MR       .....                  (boots unavailable)
Stlth    ++++......             (no amulet)
HPRegen  0.06/turn              (no ring)
MPRegen  0.10/turn              (no ring)

@: quick
A: very small, no armour, no weapons or thrown items, stealth, claws 1, fangs 3,
see invisible, speed 1, shaggy fur 1, sharp paws
a: no special abilities


You were on level 2 of the Dungeon.
You visited 1 branch of the dungeon, and saw 3 of its levels.

You collected 163 gold pieces.

Inventory:

Missiles
 i - 25 arrows
 j - 85 stones
Scrolls
 c - a scroll of fear
 e - 2 scrolls of random uselessness
 g - 3 scrolls of identify
 k - a scroll of enchant weapon {unknown}
 m - a scroll of noise {unknown}
Potions
 a - a potion of resistance {unknown}
 b - 3 potions of lignification
 d - 4 potions of curing
 f - a potion of might {unknown}


   Skills:
 - Level 1.0 Fighting
 + Level 7.2 Stealth
 - Level 4.0 Unarmed Combat
 - Level 1.0 Spellcasting
   Level 1.7 Air Magic
   Level 1.1 Evocations


You had 2 spell levels left.
You knew the following spells:

 Your Spells              Type           Power        Failure   Level
a - Magic Dart            Conj           #...         30%         1
b - Blink                 Tloc           N/A          41%         2

Your spell library contained the following spells:

 Spells                   Type           Power        Failure   Level
 Call Imp                 Summ           #.......     41%         2
 Slow                     Hex            #.......     41%         2
 Mephitic Cloud           Conj/Pois/Air  #.......     56%         3
 Conjure Flame            Conj/Fire      #.......     65%         3


Dungeon Overview and Level Annotations

Branches:
Dungeon (3/15)

Altars:

Annotations:
D:2 Natasha, Terence


Innate Abilities, Weirdness & Mutations

You cannot wear armour.
You are incapable of wielding weapons or throwing items.
Your paws allow you to move quietly. (Stealth)
You have sharp claws.
You have razor-sharp teeth.
You have supernaturally acute eyesight. (SInv)
You cover ground quickly.
You are covered in fur. (AC +1)
Your sharp claws are effective at attacking unaware monsters.


Message History

Natasha drinks a potion.
Natasha seems to speed up.
Natasha claws you.
You scratch Natasha.
Natasha is moderately wounded.
Natasha claws you!
You scratch Natasha but do no damage.
Natasha is moderately wounded.
Natasha barely misses you. Natasha claws you.
You miss Natasha.
Natasha is moderately wounded.
Natasha barely misses you.
You scratch Natasha.
Natasha is severely wounded.
Natasha barely misses you. Natasha claws you.
* * * LOW HITPOINT WARNING * * *
You barely miss Natasha.
Natasha is severely wounded.
Natasha claws you!
Ouch! That really hurt!
You die...

#..######.# #
#......##.######
##.....##......>
#..........#...
#.....####.#.##
####.....####.#.#
#5....#.......#.##
#h####.##### #...
#@# #.#####.?#...
#.# #.........(..
#.# #######..#...
#.# #####..##..
#†# #......####
#.######.###.#
#............#
########.##### #.#


You could see Natasha (fast) and a shadow imp (summoned).

Vanquished Creatures
  Natasha (D:2)
  A worker ant (D:2)
  A gnoll (D:1)
  2 adders
  2 oozes
  A worm (D:2)
  A dart slug (D:1)
  2 leopard geckos
  2 giant cockroaches (D:2)
  6 hobgoblins
  7 kobolds
  A quokka (D:2)
  8 bats
  7 frilled lizards
  15 goblins
  3 rats
60 creatures vanquished.

Notes
Turn   | Place    | Note
-------+----------+-------------------------------------------
     0 | D:1      | Descartes the Felid Wanderer began the quest for the Orb.
     0 | D:1      | Descartes set off with the following items: 2 potions of
                  | lignification; and the following spell memorised: Magic
                  | Dart; and the following spells available to memorise:
                  | Blink, Call Imp, Slow, Mephitic Cloud, Conjure Flame
     0 | D:1      | Reached XP level 1. HP: 9/9 MP: 3/3
    40 | D:1      | Reached skill level 2 in Stealth
   364 | D:1      | Reached skill level 3 in Stealth
   366 | D:1      | Reached XP level 2. HP: 11/12 MP: 4/4
  1083 | D:1      | Reached skill level 4 in Stealth
  1512 | D:1      | Reached XP level 3. HP: 1/15 MP: 5/5
  1916 | D:2      | Reached skill level 5 in Stealth
  2045 | D:2      | Noticed Terence
  2278 | D:2      | Learned a level 2 spell: Blink
  2308 | D:2      | Noticed Natasha
  2311 | D:2      | Killed Natasha
  2311 | D:2      | Reached XP level 4. HP: 19/19 MP: 6/6
  2321 | D:2      | Reached skill level 6 in Stealth
  2647 | D:2      | You fall into a shaft and drop 1 floor!
  3871 | D:2      | Slain by a worker ant
  3872 | D:2      | Reached XP level 3. HP: -4/15 MP: 5/5
  4087 | D:2      | Reached skill level 7 in Stealth
  4087 | D:2      | Reached XP level 4. HP: 7/19 MP: 6/6
  4382 | D:2      | Noticed Natasha
  4406 | D:2      | Mangled by Natasha

Illustrated notes

Levels and vault maps discovered:
D:1:      psy_arrival_radial02, layout_basic, minmay_close_crescents
D:2:      layout_loops_ring, minmay_misc_feat_tower, uniq_natasha, uniq_terence
D:3:      layout_basic, minmay_liquid_box, grunt_ministairs_2

Skill      XL: |  1  2  3  4 |
---------------+-------------+-----
Stealth        | 3 4 7 6 |  7.2
Fighting       | |  1.0
Unarmed Combat | |  4.0
Spellcasting   | |  1.0
Air Magic      | |  1.7
Evocations     | |  1.1

Action                   |  1- 3 |  4- 6 || total
-------------------------+-------+-------++-------
Melee: Unarmed           |    79 |    71 ||   150
       Bite              |     5 |     3 ||     8
       Punch             |     1 |     1 ||     2
  Use: Scroll            |       |     5 ||     5
 Stab: Sleeping          |    12 |     9 ||    21
Armor: Skin              |     2 |     3 ||     5
Dodge: Dodged            |    43 |    41 ||    84

Table legend: (Time is in decaauts)
 A = Elapsed time spent in this place.
 B = Non-inter-level travel time spent in this place.
 C = Inter-level travel time spent in this place.
 D = Time resting spent in this place.
 E = Time spent auto-exploring this place.
 F = Levels seen in this place.
 G = Mean time per level.
                   A        B        C        D        E       F      G
               +--------+--------+--------+--------+--------+-----+--------+
         Total |   3968 |   3954 |     14 |    296 |   3125 |   3 | 1322.7 |
       Dungeon |   3968 |   3954 |     14 |    296 |   3125 |   3 | 1322.7 |
               +--------+--------+--------+--------+--------+-----+--------+

Top non-repeatable levels by time:
     D:1: 1762 daAuts
     D:2: 1262 daAuts
     D:3: 944 daAuts
